 Dungeon Crawl Stone Soup version 0.23.0 (webtiles) character file.

Game seed: 8484717424730011496

23106 Catiua the Severer (level 12, 0/112 HPs)
             Began as a Minotaur Berserker on Feb 14, 2019.
             Was a High Priest of Trog.
             Slain by a porcupine (8 damage)
             ... on level 3 of the Lair of Beasts.
             The game lasted 01:05:54 (12181 turns).

Catiua the Severer (Minotaur Berserker)            Turns: 12181, Time: 01:05:55

Health: 0/112      AC: 18    Str: 27    XL:     12   Next: 68%
Magic:  11/11      EV: 13    Int:  4    God:    Trog [*****.]
Gold:   749        SH:  0    Dex: 13    Spells: 11/11 levels left

rFire    . . .     SeeInvis .   U - +4 battleaxe of Due Proportion {flame, -Tele rF+ MR+ Dex+3}
rCold    + . .     Gourm    .   (shield currently unavailable)
rNeg     . . .     Faith    .   I - +0 plate armour
rPois    .         Spirit   .   (helmet restricted)
rElec    .         Reflect  .   f - +0 cloak
rCorr    .         Harm     .   p - +0 pair of gloves
MR       +....     NoTele   +   (no boots)
Stlth    ..........             (no amulet)
HPRegen  0.28/turn              R - ring of ice
MPRegen  0.12/turn              D - ring of flight

@: no status effects
A: retaliatory headbutt, horns 2
a: Berserk, Trog's Hand, Brothers in Arms, Renounce Religion, Evoke Flight


You were on level 3 of the Lair of Beasts.
You worshipped Trog.
Trog was extremely pleased with you.
You were very hungry.

You visited 2 branches of the dungeon, and saw 14 of its levels.
You also visited: Ossuary and Ice Cave.

You collected 999 gold pieces.
You spent 250 gold pieces at shops.

Inventory:

Hand Weapons
 e - a cursed +2 mace of freezing
 O - a +2 battleaxe of venom
 U - the +4 battleaxe of Due Proportion (weapon) {flame, -Tele rF+ MR+ Dex+3}
   (You found it in an ice cave)

   It has been specially enchanted to burn those struck by it, causing extra
   injury to most foes and up to half again as much damage against particularly
   susceptible opponents.
   Big, fiery blades are also staple armaments of hydra-hunters.
   It affects your dexterity (+3).
   It protects you from fire.
   It affects your resistance to hostile enchantments.
   It prevents most forms of teleportation.
 V - a +0 great mace
 X - a +5 quick blade
Missiles
 N - a throwing net (quivered)
 S - 5 javelins of returning
Armour
 f - a +0 cloak (worn)
 k - a +0 buckler of fire resistance
 p - a +0 pair of gloves (worn)
 G - the +1 chain mail of the New World {Dex+9}
   (You found it on level 3 of the Dungeon)

   It affects your dexterity (+9).
 I - a +0 plate armour (worn)
Jewellery
 l - a +3 ring of dexterity
 C - an uncursed ring of see invisible
 D - a ring of flight (right hand)
 P - an uncursed ring of stealth
 R - a ring of ice (left hand)
Wands
 n - a wand of iceblast (26)
 F - a wand of scattershot (3)
 W - a wand of disintegration (12)
Scrolls
 b - a scroll of fog {unknown}
 j - 5 scrolls of enchant armour
 o - 11 scrolls of remove curse
 r - 7 scrolls of amnesia
 s - 2 scrolls of holy word {unknown}
 t - 3 scrolls of enchant weapon
 u - a scroll of brand weapon {unknown}
 v - 2 scrolls of summoning
 w - a scroll of silence {unknown}
 y - 3 scrolls of magic mapping
 A - 2 scrolls of fear
 B - 4 scrolls of teleportation
 E - a scroll of blinking {unknown}
 H - 2 scrolls of identify
 M - a scroll of immolation
Potions
 a - 2 potions of agility
 d - a potion of cancellation
 g - 7 potions of brilliance
 h - 10 potions of curing
 i - 3 potions of magic
 m - a potion of berserk rage
 q - a potion of invisibility
 x - 4 potions of flight
 z - 2 potions of ambrosia
 J - a potion of haste
 K - 4 potions of resistance {unknown}
 L - 3 potions of might
 Q - 2 potions of lignification
 T - 2 potions of mutation {unknown}
Comestibles
 c - 25 rations


   Skills:
 + Level 12.1 Fighting
 * Level 15.3 Axes
 + Level 11.9 Armour
 + Level 11.0 Dodging


You had 11 spell levels left.
You didn't know any spells.
Your spell library was empty.

Dungeon Overview and Level Annotations

Branches:
Dungeon (11/15)            Temple (0/1) D:5            Lair (3/6) D:10
    Orc (0/2) D:10
  Swamp: Lair:2-4    Shoals: Lair:2-4     Snake: Lair:2-4    Spider: Lair:2-4

Altars:
Makhleb
Sif Muna
Yredelemnul
Beogh

Shops:
D:9 =

Annotations:
D:4 1 runed translucent door, Morgius's ghost, novice TrMo
D:10 3 runed translucent doors, iano21's ghost, journeyman TrBe
Lair:3 Gastronok


Innate Abilities, Weirdness & Mutations

You reflexively headbutt those who attack you in melee.
You have a pair of horns on your head.


Message History

The komodo dragon bites you!!
Gastronok waves his eye-stalks in wide circles.
The air twists around and strikes you!
* * * LOW HITPOINT WARNING * * *
You slash Gastronok! You burn Gastronok.
Gastronok is moderately wounded.
You hack one of the seven-headed hydra's heads off!
The flame cauterises the wound!
You hit the six-headed hydra. You burn the six-headed hydra.
You hit the komodo dragon but do no damage.
You slash the porcupine! You burn the porcupine.
The six-headed hydra bites you but does no damage.
The six-headed hydra misses you.
The six-headed hydra bites you but does no damage.
The six-headed hydra barely misses you. The six-headed hydra bites you!
* * * LOW HITPOINT WARNING * * *
The six-headed hydra bites you but does no damage.
The porcupine closely misses you. The komodo dragon misses you.
The porcupine bites you!
You die...

?...........
...........
..........
#.........
#w........
#.....$...
###......#..
###rr....#...#
#.@#l...## ###
#..###.....#
#. ##.#### #.
.## # #


You could see 2 porcupines.

Vanquished Creatures
  A frost giant (IceCv)
  Snorg (D:10)
  Fannar (Lair:1)
  Erica (D:9)
  2 two-headed ogres (D:10)
  Sonja (D:10)
  An ugly thing (D:10)
  A gargoyle (D:10)
  6 spiny frogs (Lair:1)
  A komodo dragon (Lair:1)
  10 polar bears (IceCv)
  Grinder (D:3)
  4 blink frogs (Lair:1)
  2 hippogriffs
  Sigmund (D:3)
  A spriggan (D:7)
  A vampire (D:10)
  16 yaks
  Menkaure (Ossuary)
  2 water moccasins (Lair:1)
  Duvessa (D:6)
  2 porcupines (Lair:1)
  3 orc warriors
  9 ice beasts
  A sky beast (D:5)
  2 black bears
  6 ogres
  15 wolves
  2 phantoms
  5 centaurs
  A big kobold (D:7)
  A crocodile (Lair:1)
  10 bullfrogs
  Dowan (D:6)
  A scorpion (D:9)
  A wyvern skeleton (D:8)
  5 wights (D:6)
  6 killer bees (D:8)
  3 howler monkeys (D:9)
  A jelly (D:5)
  4 crimson imps
  2 bullfrog zombies
  A hound (D:5)
  2 quasits
  7 centaur zombies
  11 orc priests
  2 bullfrog skeletons
  An iguana (D:6)
  8 orc wizards
  3 centaur skeletons
  Jessica (D:3)
  3 worker ants
  An ogre zombie (Ossuary)
  A hound skeleton (D:4)
  6 mummies (Ossuary)
  11 adders
  2 shadow imps
  2 adder skeletons
  5 adder zombies (Ossuary)
  3 worms
  4 dart slugs
  8 leopard geckos
  34 orcs
  2 giant cockroaches (D:3)
  2 gnoll zombies (D:3)
  9 goblins
  7 hobgoblins
  11 jackals
  4 kobolds
  8 quokkas
  A ball python (D:3)
  7 bats
  4 frilled lizards
  A goblin zombie (D:4)
  2 hobgoblin zombies (Ossuary)
  A jackal zombie (D:5)
  7 kobold zombies (Ossuary)
  A leopard gecko skeleton (D:4)
  A quokka skeleton (D:7)
  5 quokka zombies
  8 rats
  7 rat zombies
341 creatures vanquished.

Vanquished Creatures (collateral kills)
  A two-headed ogre (D:10)
  3 polar bears (IceCv)
  2 yaks (IceCv)
  An ice beast (D:10)
  2 wolves (IceCv)
  A bullfrog (D:10)
  A scorpion (D:10)
  A killer bee (D:10)
  A bullfrog zombie (D:10)
  An orc (D:10)
14 creatures vanquished.

Vanquished Creatures (others)
  A fungus (Lair:2)
1 creature vanquished.

Grand Total: 356 creatures vanquished

Notes
Turn   | Place    | Note
-------+----------+-------------------------------------------
     0 | D:1      | Catiua the Minotaur Berserker began the quest for the Orb.
     0 | D:1      | Reached XP level 1. HP: 19/19 MP: 0/0
    71 | D:1      | Reached XP level 2. HP: 20/27 MP: 1/1
   522 | D:1      | Reached skill level 4 in Axes
   827 | D:2      | Reached ** piety under Trog
   837 | D:2      | Reached XP level 3. HP: 29/33 MP: 2/2
  1244 | D:2      | Found a burning altar of Makhleb.
  1616 | D:3      | Noticed Grinder
  1623 | D:3      | Paralysed by Grinder for 3 turns
  1626 | D:3      | Killed Grinder
  1626 | D:3      | Reached skill level 5 in Fighting
  1626 | D:3      | Reached skill level 5 in Axes
  1626 | D:3      | Reached XP level 4. HP: 39/42 MP: 3/3
  1626 | D:3      | Reached XP level 5. HP: 45/48 MP: 4/4
  1690 | D:3      | Reached XP level 6. HP: 46/56 MP: 5/5
  1970 | D:4      | Found a sand-covered staircase.
  1978 | Ossuary  | Entered an ossuary
  2319 | Ossuary  | Noticed Menkaure
  2325 | Ossuary  | Killed Menkaure
  2325 | Ossuary  | Reached skill level 5 in Armour
  2325 | Ossuary  | Reached XP level 7. HP: 54/62 MP: 6/6
  2447 | D:4      | Found a runed translucent door.
  2448 | D:4      | Noticed a cyclops
  2458 | D:4      | Noticed Morgius's ghost (novice TrMo)
  2728 | D:5      | Entered Level 5 of the Dungeon
  2741 | D:4      | Reached skill level 6 in Axes
  2745 | D:4      | Reached *** piety under Trog
  2768 | D:4      | Reached skill level 5 in Dodging
  3250 | D:3      | Noticed Sigmund
  3261 | D:3      | Killed Sigmund
  3444 | D:3      | Reached XP level 8. HP: 42/71 MP: 7/7
  3526 | D:3      | Noticed Jessica
  3535 | D:3      | Killed Jessica
  3627 | D:3      | Got a scorched chain mail
  3638 | D:3      | Identified the +1 chain mail of the New World {Dex+9} (You
                  | found it on level 3 of the Dungeon)
  3736 | D:3      | Reached **** piety under Trog
  3756 | D:3      | Found a basalt altar of Yredelemnul.
  3955 | D:5      | Reached skill level 7 in Axes
  3969 | D:5      | Found a staircase to the Ecumenical Temple.
  4398 | D:5      | Reached skill level 8 in Axes
  4849 | D:6      | Noticed a hippogriff
  4855 | D:6      | Killed a hippogriff
  4961 | D:6      | Reached XP level 9. HP: 74/80 MP: 8/8
  5031 | D:6      | Reached skill level 9 in Axes
  5051 | D:6      | Found Ganobb's Magic Scroll Shop.
  5057 | D:6      | Bought a scroll of magic mapping for 35 gold pieces
  5057 | D:6      | Bought a scroll of fear for 35 gold pieces
  5057 | D:6      | Bought a scroll of remove curse for 30 gold pieces
  5057 | D:6      | Bought a scroll of amnesia for 35 gold pieces
  5057 | D:6      | Bought a scroll of summoning for 95 gold pieces
  5057 | D:6      | Bought a scroll of identify for 20 gold pieces
  5131 | D:6      | Noticed Duvessa
  5139 | D:6      | Killed Duvessa
  5152 | D:6      | Noticed Dowan
  5161 | D:6      | Killed Dowan
  5365 | D:6      | Reached ***** piety under Trog
  5910 | D:7      | Reached skill level 10 in Axes
  6511 | D:8      | Reached XP level 10. HP: 90/90 MP: 9/9
  7265 | D:10     | Entered Level 10 of the Dungeon
  7340 | D:9      | Noticed Erica
  7355 | D:9      | Killed Erica
  7355 | D:9      | Reached skill level 11 in Axes
  7521 | D:9      | Found Mommeih's Jewellery Emporium.
  7744 | D:9      | Reached skill level 12 in Axes
  8279 | D:10     | Found a deep blue altar of Sif Muna.
  8293 | D:10     | Found a staircase to the Orcish Mines.
  8293 | D:10     | Noticed Snorg
  8305 | D:10     | Killed Snorg
  8305 | D:10     | Reached skill level 10 in Fighting
  8308 | D:10     | Reached XP level 11. HP: 70/99 MP: 10/10
  8497 | D:10     | Found a roughly hewn altar of Beogh.
  8500 | D:10     | Received a gift from Trog
  8540 | D:10     | Found a runed translucent gate.
  8541 | D:10     | Found a runed translucent gate.
  8541 | D:10     | Noticed iano21's ghost (journeyman TrBe)
  8542 | D:10     | Noticed a flayed ghost
  8544 | D:10     | Found a runed translucent gate.
  8559 | D:10     | Noticed Sonja
  8597 | D:10     | Killed Sonja
  9030 | D:10     | Reached skill level 10 in Armour
  9338 | D:10     | Noticed a two-headed ogre
  9343 | D:10     | Killed a two-headed ogre
  9376 | D:10     | Noticed a two-headed ogre
  9402 | D:10     | Killed a two-headed ogre
  9412 | D:10     | Reached skill level 13 in Axes
  9879 | D:10     | Noticed a two-headed ogre
  9879 | D:10     | Noticed a brown ugly thing
  9882 | D:10     | Killed a two-headed ogre
  9891 | D:10     | Killed a brown ugly thing
  9962 | D:10     | Found a staircase to the Lair.
  9980 | Lair:1   | Entered Level 1 of the Lair of Beasts
 10428 | Lair:1   | Found a frozen archway.
 10428 | Lair:1   | Noticed Fannar
 10435 | Lair:1   | Reached skill level 10 in Dodging
 10454 | Lair:1   | Killed Fannar
 10454 | Lair:1   | Reached skill level 14 in Axes
 10454 | Lair:1   | Reached XP level 12. HP: 92/110 MP: 11/11
 10468 | IceCv    | Entered an ice cave
 10765 | IceCv    | Received a gift from Trog
 10896 | IceCv    | Got an ivory battleaxe
 10897 | IceCv    | Identified the +4 battleaxe of Due Proportion {flame, -Tele
                  | rF+ MR+ Dex+3} (You found it in an ice cave)
 10923 | IceCv    | Noticed a frost giant
 10934 | IceCv    | Killed a frost giant
 11368 | IceCv    | Reached skill level 15 in Axes
 11684 | Lair:2   | Noticed a catoblepas
 11891 | Lair:1   | Received a gift from Trog
 12170 | Lair:3   | Noticed Gastronok
 12171 | Lair:3   | Noticed a seven-headed hydra
 12181 | Lair:3   | Slain by a porcupine

Skill      XL: |  1  2  3  4  5  6  7  8  9 10 11 12 |
---------------+-------------------------------------+-----
Fighting       | 4 5 6 7 8 10 11 12 | 12.1
Axes           | 4 5 6 8 10 12 14 15 | 15.3
Armour         | 3 4 5 6 7 8 9 11 | 11.9
Dodging        | 3 4 5 6 7 9 10 11 | 11.0

Action                   |  1- 3 |  4- 6 |  7- 9 | 10-12 || total
-------------------------+-------+-------+-------+-------++-------
Melee: Hand axe          |    53 |       |   172 |    77 ||   302
       Headbutt          |     6 |    18 |    78 |    87 ||   189
       War axe           |    14 |   104 |   126 |    41 ||   285
       Battleaxe         |       |       |       |   228 ||   228
Invok: Berserk           |     1 |     1 |     2 |     8 ||    12
       Trog's Hand       |       |     1 |     1 |     1 ||     3
       Brothers in Arms  |       |       |       |     4 ||     4
 Abil: Evoke Flight      |       |       |       |     2 ||     2
  Use: Scroll            |       |       |    17 |     4 ||    21
       Potion            |       |       |       |     2 ||     2
  Eat: Chunk             |     1 |     3 |    15 |    10 ||    29
       Ration            |       |     1 |       |     5 ||     6
Armor: Chain mail        |    40 |    57 |   146 |    23 ||   266
       Plate armour      |       |       |       |   184 ||   184
Dodge: Dodged            |    28 |    35 |   175 |   259 ||   497
